 Dungeon Crawl Stone Soup version 0.21-a0-95-g06f091e (webtiles) character file.

3968 grindst0ne the Nimble (level 10, -8/58 HPs)
             Began as a Merfolk Transmuter on July 4, 2017.
             Was a Priest of Okawaru.
             Mangled by a basilisk (10 damage)
             ... on level 9 of the Dungeon.
             The game lasted 00:18:06 (10417 turns).

grindst0ne the Nimble (Merfolk Transmuter)         Turns: 10417, Time: 00:18:06

Health: -8/58      AC:  5    Str: 13      XL:     10   Next: 22%
Magic:  7/14       EV:  2    Int: 14      God:    Okawaru [***...]
Gold:   610        SH:  0    Dex: 13 (14) Spells: 8/16 levels left

rFire    . . .     SeeInvis .     - Unarmed
rCold    . . .     Gourm    .   (no shield)
rNeg     + + +     Faith    .   b - +0 robe
rPois    ∞         Spirit   .   (no helmet)
rElec    .         Reflect  .   (no cloak)
rCorr    .         Harm     .   (no gloves)
MR       .....                  (no boots)
Stlth    +.........             h - amulet of magic regeneration
HPRegen  0.19/turn              o - +3 ring of protection
MPRegen  0.39/turn              (no ring)

@: petrified, very slightly contaminated
A: change form in water, swift swim, stealthy swim, blink, deterioration 1,
frail 1, low mp 1, sense surroundings 1, MP-powered wands
a: Blink, Heroism, Renounce Religion


You were on level 9 of the Dungeon.
You worshipped Okawaru.
Okawaru was most pleased with you.
You were not hungry.

You visited 2 branches of the dungeon, and saw 10 of its levels.

You collected 610 gold pieces.

Inventory:

Missiles
 a - 156 arrows
Armour
 b - a +0 robe (worn)
 f - a +0 pair of boots
Jewellery
 h - an amulet of magic regeneration (around neck)
 k - an uncursed amulet of guardian spirit
 m - a +2 amulet of reflection
 o - a +3 ring of protection (left hand)
 w - a +5 amulet of reflection
 A - a +5 ring of intelligence {unknown}
Wands
 z - a wand of iceblast (2/15)
Scrolls
 p - 3 scrolls of fear {unknown}
 q - 2 scrolls of teleportation
 r - a scroll of remove curse
 s - a scroll of torment {unknown}
 y - a scroll of magic mapping {unknown}
 B - a scroll of holy word {unknown}
 D - a scroll of summoning {unknown}
 E - 3 scrolls of identify
Potions
 e - 2 potions of curing
 g - 4 potions of flight
 l - a potion of magic
 t - 3 potions of haste
 u - a potion of brilliance
 G - a potion of berserk rage
Books
 c - a book of Changes

   Spells                             Type                      Level
   a - Beastly Appendage              Transmutation                1
   b - Sticks to Snakes               Transmutation                2
   c - Spider Form                    Transmutation/Poison         3
   d - Ice Form                       Ice/Transmutation            4
   e - Blade Hands                    Transmutation                5
 C - a book of Air

   Spells                             Type                      Level
   a - Shock                          Conjuration/Air              1
   b - Swiftness                      Charms/Air                   2
   c - Static Discharge               Conjuration/Air              3
   d - Airstrike                      Air                          4
   e - Lightning Bolt                 Conjuration/Air              5
 F - a book of Clouds

   Spells                             Type                      Level
   a - Poisonous Vapours              Poison/Air                   2
   b - Mephitic Cloud                 Conjuration/Poison/Air       3
   c - Conjure Flame                  Conjuration/Fire             3
   d - Freezing Cloud                 Conjuration/Ice/Air          6
   e - Ring of Flames                 Charms/Fire                  7
 H - a book of Frost

   Spells                             Type                      Level
   a - Freeze                         Ice                          1
   b - Throw Frost                    Conjuration/Ice              2
   c - Ozocubu's Armour               Charms/Ice                   3
   d - Throw Icicle                   Conjuration/Ice              4
   e - Summon Ice Beast               Ice/Summoning                4
Comestibles
 d - 5 bread rations
 i - 4 royal jellies
 j - 2 meat rations
 n - 3 fruits
 I - 4 chunks of flesh


   Skills:
 - Level 1.1 Fighting
 - Level 12.0 Dodging
 + Level 10.9 Unarmed Combat
 * Level 3.9 Spellcasting
 - Level 6.0 Transmutations


You had 8 spell levels left.
You knew the following spells:

 Your Spells              Type           Power        Failure   Level  Hunger
a - Beastly Appendage     Tmut           ###...       1%          1    None
b - Spider Form           Tmut/Pois      ##........   17%         3    ###....
c - Sticks to Snakes      Tmut           ###.....     2%          2    ##.....
d - Swiftness             Chrm/Air       #.......     30%         2    ##.....


Dungeon Overview and Level Annotations

Branches:
Dungeon (9/15)             Temple (1/1) D:4
   Lair: D:8-11         Orc: D:9-12

Altars:
Ashenzari
Cheibriados
Dithmenos
Elyvilon
Fedhas
Gozag
Hepliaklqana
Kikubaaqudgha
Makhleb
Nemelex Xobeh
Okawaru
Qazlal
Ru
Sif Muna
Trog
Uskayaw
Vehumet
Wu Jian
Xom
Yredelemnul
Zin
The Shining One


Innate Abilities, Weirdness & Mutations

You revert to your normal form in water.
You are very nimble and swift while swimming.
You are very stealthy in the water. (Stealth+)
You can translocate small distances at will.
Your body sometimes deteriorates upon taking damage.
You are frail. (-10% HP)
Your magical capacity is low. (-10% MP)
You passively map a small area around you.
You expend magic power (3 MP) to strengthen your wands.


Message History

The yak closely misses you. The basilisk bites you. The crocodile bites you!
The yak gores you! The basilisk gazes at you. You resist with some effort.
The crocodile bites you. The yak gores you! The basilisk barely misses you.
The yak snorts and paws the ground.
The crocodile bites you. The yak gores you! The basilisk bites you.
* * * LOW HITPOINT WARNING * * *
Your transformation has ended.
Your +0 robe unmelds from your body.
The crocodile barely misses you. The yak gores you!
* * * LOW HITPOINT WARNING * * *
The basilisk bites you!
* * * LOW HITPOINT WARNING * * *
The crocodile bites you.
* * * LOW HITPOINT WARNING * * *
The yak gores you.
* * * LOW HITPOINT WARNING * * *
The basilisk bites you!!
You die...

........##.##.≈≈≈≈≈≈≈ ,
........##....####### #
#############.#.....#?#
* #.###.###.# * * ##
#...#.#... ., , ..##*
###.#.#.#* , PP..#*
#.....# ..... * ##S.###
,..../.#####@####
P....P#..YlYt..# ,
?.PPP....rlYY..#
...............# ,
.P.............#
,P.P......#######
...?...... ..P...###.#
......* ..


You could see 4 yaks, 2 basilisks, a crocodile, a porcupine and a friendly
adder.

Vanquished Creatures
  A two-headed ogre (D:8)
  The ghost of zhorgal the Carver, a novice MiGl of Okawaru (D:6)
  3 yaks (D:9)
  3 sky beasts
  2 ogres
  An orc warrior (D:8)
  A phantom (D:6)
  3 centaurs
  A bullfrog (D:8)
  A gnoll sergeant (D:8)
  A scorpion (D:4)
  The ghost of p0werm0de the Skirmisher, a weakling DsCK of Xom (D:3)
  3 howler monkeys
  3 crimson imps
  6 hounds
  2 jellies
  An orc priest (D:3)
  2 bullfrog skeletons
  2 centaur skeletons
  An iguana (D:4)
  11 orc wizards
  7 worker ants
  2 hound skeletons
  A howler monkey skeleton (D:6)
  8 gnolls
  9 adders
  2 shadow imps
  3 oozes
  2 adder skeletons
  2 worms (D:4)
  4 leopard geckos
  21 orcs
  3 ball pythons
  11 bats
  10 giant cockroaches
  6 hobgoblins
  6 jackals
  7 kobolds
  3 quokkas
  5 frilled lizards
  4 goblins
  A jackal skeleton (D:4)
  A leopard gecko zombie (D:5)
  2 quokka skeletons
  8 rats
178 creatures vanquished.

Vanquished Creatures (collateral kills)
  An adder (D:2)
  An adder skeleton (D:4)
  3 orcs
  A leopard gecko skeleton (D:4)
6 creatures vanquished.

Grand Total: 184 creatures vanquished

Notes
Turn   | Place    | Note
-------+----------+-------------------------------------------
     0 | D:1      | grindst0ne the Merfolk Transmuter began the quest for the Orb.
     0 | D:1      | Reached XP level 1. HP: 15/15 MP: 3/3
   322 | D:1      | Reached XP level 2. HP: 19/21 MP: 3/5
   348 | D:1      | Reached skill level 3 in Dodging
   635 | D:1      | Reached XP level 3. HP: 15/26 MP: 4/6
   981 | D:1      | Learned a level 3 spell: Spider Form
   984 | D:1      | Learned a level 2 spell: Sticks to Snakes
  1832 | D:2      | Reached skill level 4 in Dodging
  1832 | D:2      | Reached XP level 4. HP: 28/32 MP: 3/7
  2324 | D:3      | Reached XP level 5. HP: 35/37 MP: 3/8
  2357 | D:3      | Noticed p0werm0de's ghost (weakling DsCK)
  2767 | D:3      | Found a sparkling altar of Nemelex Xobeh.
  2794 | D:3      | Found an iron altar of Okawaru.
  3267 | D:3      | Killed p0werm0de's ghost
  3267 | D:3      | Reached skill level 5 in Dodging
  3267 | D:3      | Reached skill level 5 in Unarmed Combat
  3267 | D:3      | Reached XP level 6. HP: 16/43 MP: 6/9
  3505 | D:3      | Reached skill level 5 in Transmutations
  4067 | D:4      | Reached skill level 6 in Dodging
  4067 | D:4      | Reached XP level 7. HP: 32/48 MP: 10/10
  4557 | D:4      | Found a staircase to the Ecumenical Temple.
  4579 | Temple   | Entered the Ecumenical Temple
  4705 | Temple   | Became a worshipper of Warmaster Okawaru
  5269 | D:5      | Entered Level 5 of the Dungeon
  5744 | D:5      | Reached skill level 7 in Dodging
  5878 | D:5      | Found a white marble altar of Elyvilon.
  6020 | D:5      | Reached XP level 8. HP: 50/54 MP: 6/11
  6509 | D:5      | Reached skill level 8 in Dodging
  6893 | D:6      | Found a shattered altar of Ashenzari.
  6895 | D:6      | Noticed zhorgal's ghost (novice MiGl)
  6917 | D:6      | Killed zhorgal's ghost
  6917 | D:6      | Reached * piety under Okawaru
  6917 | D:6      | Reached skill level 9 in Dodging
  7153 | D:6      | Gained mutation: You possess an exceptional clarity of mind. [mutagenic meat]
  7154 | D:6      | Gained mutation: You passively map a small area around you. [mutagenic meat]
  7155 | D:6      | Gained mutation: Your body sometimes deteriorates upon taking damage. [mutagenic meat]
  7156 | D:6      | Gained mutation: You can translocate small distances at will. [mutagenic meat]
  7157 | D:6      | Gained mutation: You are frail. (-10% HP) [mutagenic meat]
  7237 | D:6      | Reached XP level 9. HP: 53/53 MP: 12/12
  7280 | D:6      | Reached skill level 10 in Dodging
  7457 | D:6      | Reached ** piety under Okawaru
  8314 | D:7      | Found a basalt altar of Yredelemnul.
  9275 | D:7      | Found a glowing golden altar of the Shining One.
  9425 | D:8      | Found a sacrificial altar of Ru.
  9426 | D:8      | Found a stormy altar of Qazlal.
  9476 | D:8      | Reached skill level 11 in Dodging
  9582 | D:8      | Noticed a two-headed ogre
  9609 | D:8      | Killed a two-headed ogre
  9609 | D:8      | Reached skill level 10 in Unarmed Combat
  9680 | D:8      | Learned a level 2 spell: Swiftness
  9692 | D:8      | Reached *** piety under Okawaru
  9692 | D:8      | Reached skill level 12 in Dodging
  9692 | D:8      | Reached XP level 10. HP: 58/58 MP: 4/13
 10343 | D:9      | Lost mutation: You possess an exceptional clarity of mind. [mutagenic meat]
 10344 | D:9      | Gained mutation: You expend magic power (3 MP) to strengthen your wands. [mutagenic meat]
 10345 | D:9      | Gained mutation: Your magical capacity is low. (-10% MP) [mutagenic meat]
 10417 | D:9      | HP: 2/58 [yak (2)]
 10417 | D:9      | Mangled by a basilisk

Vault maps used:
D:1:      wheals_arrival_linesprint
D:2:      kennysheep_generic_room_13
D:3:      old_standard_altar, okawaru_gym_becter
D:4:      minmay_temple_entry_statues_fountains, kennysheep_generic_room_16
D:5:      first_bread, basic_altar
D:6:      lemuel_crystal_altar
D:7:      lemuel_coloured_pillars_altar, lemuel_doored_altar,
          hangedman_decor_slide_cut, kennysheep_boxes
D:8:      chequers_temple_overflow_statue_of_worship
D:9:      minmay_lair_entry_grove, serial_shops, shop, grunt_livestock,
          grunt_decor_cap
Temple:   nicolae_temple_elliptical

Skill      XL: |  1  2  3  4  5  6  7  8  9 10 |
---------------+-------------------------------+-----
Transmutations | 3 4 5 6 |  6.0
Dodging        | 3 4 5 6 7 9 12 | 12.0
Unarmed Combat | 4 5 6 8 10 | 10.9
Spellcasting   | 3 |  3.9
Fighting       | |  1.1

Action                   |  1- 3 |  4- 6 |  7- 9 | 10-12 || total
-------------------------+-------+-------+-------+-------++-------
Melee: Unarmed           |   140 |   155 |   287 |    43 ||   625
       Headbutt          |    14 |       |       |       ||    14
       Punch             |     2 |       |     1 |       ||     3
 Cast: Beastly Appendage |    20 |       |       |       ||    20
       Spider Form       |     3 |    27 |    47 |     9 ||    86
       Sticks to Snakes  |     1 |     5 |    18 |     2 ||    26
Evoke: Wand              |       |       |     2 |       ||     2
  Use: Potion            |     2 |       |     2 |     2 ||     6
       Scroll            |       |     5 |     2 |       ||     7
 Stab: Sleeping          |     1 |     3 |     2 |       ||     6
  Eat: Chunk             |     4 |    12 |    21 |     9 ||    46
       Bread ration      |       |       |     2 |       ||     2
       Royal jelly       |       |       |     1 |       ||     1
Armor: Robe              |    36 |     2 |     2 |     1 ||    41
       Skin              |       |     5 |     5 |       ||    10
Dodge: Dodged            |   131 |   138 |   276 |    45 ||   590
Block: Other             |     3 |     1 |       |       ||     4
